 Dungeon Crawl Stone Soup version 0.31-a0-879-g1609e0ac53 (webtiles) character file.

Game seed: 5387831706060011367

60 gruber the Conjurer (level 3, -3/26 HPs)
             Began as a Demigod Conjurer on Oct 14, 2023.
             Killed by nerve-wracking pain
             ... invoked by Grinder
              (13 damage)
             ... on level 3 of the Dungeon.
             The game lasted 00:02:22 (1987 turns).

gruber the Conjurer (Demigod Conjurer)              Turns: 1987, Time: 00:02:22

Health: -3/26      AC:  3    Str:  8    XL:     3   Next: 57%
Magic:  1/8        EV: 12    Int: 24    God:
Gold:   121        SH:  0    Dex: 12    Spells: 3/6 levels left

rFire   . . .        m - +0 long sword
rCold   . . .        (no shield)
rNeg    . . .        a - +0 robe
rPois   .            g - +0 helmet
rElec   .            (no cloak)
rCorr   .            (no gloves)
SInv    .            (no boots)
Will    .....        (no amulet)
Stlth   ++           (no ring)
HPRegen 0.24/turn    (no ring)
MPRegen 0.11/turn

%: no passive effects
@: no status effects
A: high MP 1, forlorn, divine attributes
a: no special abilities


You were on level 3 of the Dungeon.
You visited 1 branch of the dungeon, and saw 3 of its levels.

You collected 121 gold pieces.

Inventory:

Hand Weapons
 m - a +0 long sword (weapon)
Armour
 a - a +0 robe (worn)
 g - a +0 helmet (worn)
Scrolls
 c - 2 scrolls of fear {unknown}
 f - a scroll of identify {unknown}
 h - a scroll of amnesia {unknown}
 i - a scroll of revelation {unknown}
 k - a scroll of immolation {unknown}
 l - a scroll of noise {unknown}
Potions
 b - a potion of magic
 d - 2 potions of enlightenment {unknown}
 e - a potion of heal wounds {unknown}
 j - a potion of degeneration {unknown}


   Skills:
 - Level 1.7 Dodging
 - Level 1.7 Stealth
 + Level 2.0 Spellcasting
 * Level 4.9 Conjurations


You had 3 spell levels left.
You knew the following spells:

 Your Spells              Type           Power      Damage    Failure   Level
a - Magic Dart            Conj           100%       1d8       1%          1
b - Searing Ray           Conj           52%        2d6       2%          2

Your spell library contained the following spells:

 Spells                   Type           Power      Damage    Failure   Level
 Dazzling Flash           Conj/Hex       28%        N/A       13%         3
 Fulminant Prism          Conj/Hex       7%         3d6       41%         4
 Iskenderun's Mystic Bla  Conj/Tloc      14%        2d5       41%         4
 Cause Fear               Hex            1%         N/A       75%         4
 Fireball                 Conj/Fire      7%         3d5       77%         5
 Dragon's Call            Summ           1%         N/A       100%        9


Dungeon Overview and Level Annotations

Branches:
Dungeon (3/15)

Annotations:
D:3 Grinder, Pargi


Innate Abilities, Weirdness & Mutations

You have an increased reservoir of magic. (+10% MP)
You shall have no god before yourself.
Your divine heritage dramatically boosts your attributes as you level up.


Message History

The searing ray hits Grinder!
Grinder is moderately wounded.
Grinder gestures at you. You resist with significant effort.
The searing ray hits Grinder!
Grinder is heavily wounded.
Grinder gestures at you. You resist with significant effort.
The searing ray hits Grinder.
Grinder is severely wounded.
You finish channelling your searing ray.
Unknown command.
Unknown command.
Casting: Searing Ray (safe; 2% risk of failure)
Confirm with . or Enter, or press ? or * to list all spells.
Aiming: Searing Ray (safe; 2% risk of failure)
Press: ? - help, Shift-Dir - straight line, f/p - Grinder
Aim: Grinder (severely wounded, 77% to hit)
The searing ray hits Grinder!
Grinder is almost dead. (Press . to maintain the ray.) Grinder gestures at you.
You barely resist.
The searing ray misses Grinder.
Grinder blinks!
Unknown command.
Grinder gestures at you. Pain shoots through your body!
You closely miss Grinder.
Grinder is almost dead.
Grinder blinks!
Unknown command.
You aren't carrying any items that you can evoke.
Unknown command.
Grinder gestures at you. Pain shoots through your body!
Grinder gestures at you. Pain shoots through your body!
Ouch! That really hurt!
You die...
Grinder says, "Now the real fun starts!"

#. ##~~ ##........5.#.#
#.# #~~ ##.#>##.........
#..###⌠##..#.##......#.#
#...........##.........
#.......####.#.##.#.#
##......####.#.. .... ##
##...#......#### #.. ...
##.######### ....## #@#
....#.##.# ##
.......#.###...#
........#....#
.......5.###.....
........### ##.
.........<# ..
....#.#.#.# #...#
###.#...#.# #...#


You could see Grinder.

Vanquished Creatures
  2 adders (D:2)
  A dart slug (D:2)
  4 bats
  8 endoplasms
  2 giant cockroaches (D:2)
  2 goblins
  4 hobgoblins
  3 jackals (D:1)
  2 quokkas (D:1)
  2 frilled lizards
  A kobold (D:2)
  4 rats
35 creatures vanquished.

Notes
Turn   | Place    | Note
-------+----------+-------------------------------------------
     0 | D:1      | gruber the Demigod Conjurer began the quest for the Orb.
     0 | D:1      | Reached XP level 1. HP: 14/14 MP: 5/5
   253 | D:1      | Reached skill level 4 in Conjurations
   347 | D:1      | Reached XP level 2. HP: 20/20 MP: 5/7
  1133 | D:2      | Learned a level 2 spell: Searing Ray
  1244 | D:2      | Reached XP level 3. HP: 26/26 MP: 0/8
  1826 | D:3      | Noticed Pargi
  1950 | D:3      | Noticed Grinder
  1961 | D:3      | Paralysed by Grinder for 5 turns
  1987 | D:3      | Killed from afar by Grinder

Illustrated notes

Levels and vault maps discovered:
D:1:      nzn_arrival_settlement, layout_basic
D:2:      layout_basic, minivault_14
D:3:      layout_loops_cross, xom_redecorated, grunt_temple_overflow_open,
          serial_glass, glass_columns_a, glass_columns_c, glass_columns_a,
          glass_columns_b, glass_columns_b, glass_columns_c, glass_columns_a,
          glass_columns_a, glass_columns_b, glass_columns_a, glass_columns_a,
          glass_columns_c, glass_columns_a, glass_columns_b, uniq_terence,
          uniq_pargi, uniq_grinder

Skill      XL: |  1  2  3 |
---------------+----------+-----
Conjurations   | 4 |  4.9
Spellcasting   | 2 |  2.0
Dodging        | |  1.7
Stealth        | |  1.7

Action                     || total
---------------------------++-------
  Melee: Long sword        ||     1
   Cast: Magic Dart        ||    72
         Searing Ray       ||     2
 Armour: Robe              ||     2
  Dodge: Dodged            ||     1

Table legend: (Time is in decaauts)
 A = Elapsed time spent in this place.
 B = Non-inter-level travel time spent in this place.
 C = Inter-level travel time spent in this place.
 D = Time resting spent in this place.
 E = Time spent auto-exploring this place.
 F = Levels seen in this place.
 G = Mean time per level.
                   A        B        C        D        E       F      G
               +--------+--------+--------+--------+--------+-----+--------+
         Total |   1986 |   1860 |    126 |     54 |   1615 |   3 |  662.0 |
       Dungeon |   1986 |   1860 |    126 |     54 |   1615 |   3 |  662.0 |
               +--------+--------+--------+--------+--------+-----+--------+

Top non-repeatable levels by time:
     D:1: 1043 daAuts
     D:2: 764 daAuts
     D:3: 178 daAuts
